AoeStats
← Djurro

Arabia

509623737Analyzed
1v1 RM · 3d ago on Sep 27, 2026· 33m 32s· 2 players
Game mode
Random Map
Map size
Tiny (2 player)
Population
200
Speed
Normal
Resources
Standard
Victory
Conquest
Starting age
Dark Age
Ending age
Imperial Age
RankedLock teamsTeams togetherTeam positionsShared explorationLock speedFull tech treeHidden civsTurbo modeCheats
Victory
Defeat
🇹🇭 Varangians · Thailand
947
+16
🇨🇿 Spanish · Czechia
943
-16
Djurro
2:30 Loom
10:25 Feudal Age
21:12 Castle Age
19:27 Double-Bit Axe
20:34 Horse Collar
22:31 Forging
23:00 Gold Mining
23:17 Husbandry
24:09 Pikeman
28:41 Wheelbarrow
28:24 Town Watch
33:19 Stone Mining
Jontelang
9:44 Feudal Age
10:40 Double-Bit Axe
20:35 Castle Age
18:23 Loom
19:17 Scale Barding Armor
20:26 Horse Collar
21:56 Bloodlines
21:47 Husbandry
23:28 Forging
28:59 Chain Barding Armor
29:39 Gold Mining
Connection lost

Rejoining the realm…

Still unreachable

The connection could not be restored.

Session expired

The server has moved on; the page needs a fresh start.